Arrhythmia, chaotic female vampiric Convict -------------- #...[.........| #|......<.....| #|............|##########'## #|............|% # -@- #----|---------# #|`.e. # ########### #|.....` # %|...---- # ###############%#|.... # # |..`| # # |...| # # |...- ## # |... -----# # |`.. |%>..####### ----- |)..|# |%...# ----- Arrhythmia the Jail-bird Experience level: 8 Strength: 17 Dexterity: 10 Constitution: 19 Intelligence: 12 Wisdom: 10 Charisma: 7 Health: 0(76) Energy: 50(50) AC: 10 Gold: 997 Moves: 2876 Your Inventory: Coins $ - 997 gold pieces Weapons m - an [uncursed +0] throwing spear [of reflection (javelin)] Armor b - a cursed +0 striped shirt e - an [uncursed] +0 cloak of protection g - an [uncursed] +0 iron skull cap [orcish helm] Comestibles u - an [uncursed] lizard corpse Scrolls h - an [uncursed] scroll labeled ASHPD [of light] k - a [blessed] scroll labeled EIRIS SAZUN IDISI [of confuse monster] p - an [uncursed] scroll labeled EIRIS SAZUN IDISI [of confuse monster] q - a [blessed] scroll labeled KIRJE [of create monster] w - an [uncursed] scroll labeled VENZAR BORGAVVE [of enchant armor] Potions c - an [uncursed] golden potion [of extra healing] i - an [uncursed] sparkling potion [of enlightenment] j - an [uncursed] ochre potion [of polymorph] t - a [cursed] magenta potion [of booze] v - an [uncursed] yellow potion [of object detection] Wands n - an [uncursed] titanium wand [of cancellation (0:7)] Tools o - an [uncursed] towel Gems r - 2 [uncursed] blue gems [worthless glass] s - 2 [uncursed] yellowish brown gems [worthless glass] Spells known in the end: Name Level Category Fail Memory Your skills at the end: Fighting Skills Weapon Skills sling [Basic / Skilled] Spellcasting Skills Final Attributes: You were piously aligned. Hunger level was 87. Your alignment was 24 / 24. Monster difficulty range was 1 - 7. Level difficulty was 7. You were immune to poison. You were immune to level-drain. You were immune to sickness. You saw invisible. You could fly. You could survive without air. You regenerated. Your luck was zero. You are dead. Vanquished creatures: a small mimic a large cat a giant beetle a leprechaun a giant spider a lizard a jaguar a dust vortex a Woodland-elf 5 bugbears a mountain nymph a yellow light a shrieker a gnome lord a gray ooze 4 elf zombies a kobold shaman 2 rabid rats 5 orc zombies a dwarf zombie a wererat an iguana 10 killer bees an acid blob 2 gas spores 2 large kobolds 4 hobgoblins 4 giant rats 4 gnomes a gnome zombie 2 geckos 2 jackals 2 kobolds 3 goblins 4 sewer rats a lichen 2 kobold zombies a newt 79 creatures vanquished. Voluntary challenges: You went without food. You never hit with a wielded weapon. You read items or engraved 407 times. You put on armor 3 times. You never genocided any monsters. You never polymorphed an object. You never changed form. You used no wishes. You wrote Elbereth's name 126 times. You never encountered a bones level. You never used any Sokoban shortcuts. Dungeon overview: The Dungeons of Doom: levels 1 to 7 Level 1 a fountain a long staircase Level 3 a long staircase Level 4 a tin shop Level 5 a fountain Level 7 <- You were here History has recorded: On T:1 you entered the Dungeons of Doom to retrieve the Amulet of Yendor! On T:622 you reached level 2 of The Dungeons of Doom. On T:696 you advanced to experience level 2. On T:712 you advanced to experience level 3. On T:914 you reached level 3 of The Dungeons of Doom. On T:1009 you advanced to experience level 4. On T:1143 you reached level 4 of The Dungeons of Doom. On T:1314 you reached level 5 of The Dungeons of Doom. On T:1455 you advanced to experience level 5. On T:1493 you advanced to experience level 6. On T:1620 you advanced to experience level 7. On T:1841 you reached level 6 of The Dungeons of Doom. On T:2316 you advanced to experience level 8. On T:2707 you reached level 7 of The Dungeons of Doom. Latest messages: The leather golem ihts! The leather golem hits! [HP-4=40] [HP+1=41] The leather golem hits! (2x) [HP-8=33] [HP+1=34] The leather golem hits! (2x) [HP-10=24] [HP+1=25] The leather golem hits! hTe leather golem hits! [HP-8=17] [HP+1=18] The leather golem hits! (2x) [HP-5=13] [HP+1=14] The leather golem hits! The leather logem hits! [HP-5=9] [HP+1=10] The leather golem hits! (2x) You die... Final status: Goodbye Arrhythmia the Convict... You died in The Dungeons of Doom on dungeon level 7 with 5390 points, and 997 pieces of gold, after 2876 moves. You were level 8 with a maximum of 76 hit points when you died.